 Dungeon Crawl Stone Soup version 0.30-a0-141-g30f27751c5 (webtiles) character file.

Game seed: 16878827289221945687

15934 Belterius the Cleaver (level 12, -23/108 HPs)
             Began as a Minotaur Fighter on Sept 25, 2022.
             Was the Champion of Okawaru.
             Annihilated by a titanic slime creature (58 damage)
             ... on level 12 of the Dungeon.
             The game lasted 00:27:40 (11970 turns).

Belterius the Cleaver (Minotaur Fighter)           Turns: 11970, Time: 00:27:41

Health: -23/108    AC: 18    Str: 24    XL:     12   Next: 5%
Magic:  14/14      EV: 10    Int: 10    God:    Okawaru [******]
Gold:   450        SH: 14    Dex: 12    Spells: 11/11 levels left

rFire   + . .      SeeInvis +    F - +14 obsidian axe {vorpal, Mesm Drain Fly SInv}
rCold   . . .      Faith    .    c - +3 kite shield of the Meadowlark {Int+5 Stlth+}
rNeg    + . .      Spirit   .    O - +1 plate armour {rF+}
rPois   .          Reflect  .    (helmet restricted)
rElec   .          Harm     .    G - +0 cloak {Will+}
rCorr   .          Rampage  .    k - +0 pair of gloves
Will    +....                    (no boots)
Stlth   ..........               (no amulet)
HPRegen 0.28/turn                p - +4 ring of evasion
MPRegen 0.14/turn                H - ring of positive energy

@: flying, mesmerised
A: horns 2, retaliatory headbutt
a: Renounce Religion, Heroism, Finesse, Duel


You were on level 12 of the Dungeon.
You worshipped Okawaru.
Okawaru was exalted by your worship.
You visited 2 branches of the dungeon, and saw 13 of its levels.

You collected 961 gold pieces.
You spent 511 gold pieces at shops.

Inventory:

Hand Weapons
 F - the +14 obsidian axe (weapon) {vorpal, Mesm Drain Fly SInv}
   (You found it on level 7 of the Dungeon)

   It inflicts extra damage upon your enemies.
   It occasionally summons demons to assist the wielder when it strikes in
   combat.
   Its wielder is mesmerised by any visible foes.
   It cannot be unequipped while any foes are visible.
   SInv:      It lets you see invisible.
   Fly:       It grants you flight.
   Drain:     It drains your maximum health when unequipped.
Missiles
 t - a throwing net (quivered)
Armour
 c - the +3 kite shield of the Meadowlark (worn) {Int+5 Stlth+}
   (Okawaru gifted it to you on level 11 of the Dungeon)

   Int:       It affects your intelligence (+5).
   Stlth:     It makes you more stealthy.
 k - a +0 pair of gloves (worn)
 G - a +0 cloak of willpower (worn)
 O - a +1 plate armour of fire resistance (worn)
Jewellery
 a - a ring of ice
 p - a +4 ring of evasion (left hand)
 x - a +4 ring of evasion
 A - a ring of protection from cold
 H - a ring of positive energy (right hand)
Wands
 d - a wand of roots (25)
 I - a wand of flame (25)
 J - a wand of acid (11)
Scrolls
 e - 6 scrolls of enchant weapon
 f - 2 scrolls of noise {unknown}
 g - a scroll of amnesia {unknown}
 i - 2 scrolls of enchant armour {unknown}
 n - 4 scrolls of teleportation {unknown}
 o - 2 scrolls of poison {unknown}
 r - a scroll of silence {unknown}
 y - 2 scrolls of magic mapping {unknown}
 C - a scroll of butterflies {unknown}
 E - 3 scrolls of immolation {unknown}
 K - a scroll of torment {unknown}
 L - 2 scrolls of vulnerability {unknown}
Potions
 b - a potion of resistance
 h - 5 potions of curing
 l - 2 potions of cancellation
 m - 4 potions of brilliance
 q - 6 potions of flight
 s - 2 potions of mutation
 u - a potion of ambrosia
 v - 6 potions of heal wounds
 w - 2 potions of invisibility {unknown}
 z - 5 potions of attraction {unknown}
 B - 4 potions of berserk rage {unknown}
 M - a potion of lignification {unknown}


   Skills:
 + Level 10.8 Fighting
 * Level 13.9 Axes
 + Level 4.0 Throwing
 + Level 10.8 Armour
 + Level 10.7 Shields
 - Level 5.0 Invocations


You had 11 spell levels left.
You didn't know any spells.
Your spell library contained the following spells:

 Spells                   Type           Power      Damage    Failure   Level
 Cigotuvi's Dreadful Rot  Necr/Pois/Air  0%         N/A       100%        2
 Poisonous Vapours        Pois/Air       0%         N/A       100%        2
 Confusing Touch          Hex            0%         N/A       100%        3
 Portal Projectile        Hex/Tloc       0%         N/A       100%        3
 Anguish                  Hex/Necr       0%         N/A       100%        4
 Hailstorm                Conj/Ice       0%         3d3       100%        4
 Ice Form                 Ice/Tmut       0%         N/A       100%        4
 Leda's Liquefaction      Hex/Erth       0%         N/A       100%        4
 Passage of Golubria      Tloc           0%         N/A       100%        4
 Yara's Violent Unravell  Hex/Tmut       0%         3d3       100%        5
 Enfeeble                 Hex            0%         N/A       100%        7
 Call Canine Familiar     Summ           Unusable   N/A       N/A         3
 Tukima's Dance           Hex            Unusable   N/A       N/A         3
 Simulacrum               Ice/Necr       Unusable   N/A       N/A         6

Dungeon Overview and Level Annotations

Branches:
Dungeon (12/15)            Temple (1/1) D:5            Lair (0/5) D:11
    Orc: D:9-12

Altars:
Ashenzari
Cheibriados
Dithmenos
Elyvilon
Fedhas
Gozag
Hepliaklqana
Kikubaaqudgha
Makhleb
Nemelex Xobeh
Okawaru
Qazlal
Ru
Sif Muna
Trog
Uskayaw
Vehumet
Wu Jian
Xom
Yredelemnul
Zin
The Shining One

Shops:
D:5 (*[((   D:7 [=!*[*

Portals:
Trove: D:10 (give +4 storm dragon scales)


Innate Abilities, Weirdness & Mutations

You have a pair of horns on your head.
You reflexively headbutt those who attack you in melee.


Message History

You chop the titanic slime creature into pieces!!!
The titanic slime creature is severely wounded.
You hear a horrible gurgling sound!
The titanic slime creature hits you!!!
Ouch! That really hurt!
Unknown command.
There are monsters nearby!
You are too injured to fight recklessly!
Unknown command.
There are monsters nearby!
You are too injured to fight recklessly!
Unknown command.
There are monsters nearby!
You are too injured to fight recklessly!
Unknown command.
There are monsters nearby!
You are too injured to fight recklessly!
Unknown command.
There are monsters nearby!
You are too injured to fight recklessly!
Unknown command.
There are monsters nearby!
You are too injured to fight recklessly!
Unknown command.
There are monsters nearby!
You are too injured to fight recklessly!
Unknown command.
There are monsters nearby!
You are too injured to fight recklessly!
Unknown command.
You slice the titanic slime creature!!
You headbutt the titanic slime creature!
The titanic slime creature is severely wounded.
The titanic slime creature hits you!!
You hit the titanic slime creature.
Your headbutt misses the titanic slime creature.
The titanic slime creature is severely wounded.
The titanic slime creature hits you!!!
Ouch! That really hurt!
You die...

.. ..# ### ..
..... ##.#. .l.
#J# #@# #
#.##..#..
##.##..#.#
#......#.# .
####..##..#.#####
..
#................
#..#..............
............(..#
...............#


You could see a titanic slime creature (mesmerising) and a komodo dragon.

Vanquished Creatures
  Snorg (D:11)
  A two-headed ogre (D:10)
  An ugly thing (D:11)
  4 cyclopes
  Joseph (D:10)
  Maurice (D:8)
  A gargoyle (D:11)
  2 unseen horrors
  3 kobold demonologists (D:11)
  2 unseen horror skeletons (D:9)
  Prince Ribbit (D:5)
  4 trolls
  Sigmund (D:2)
  A wraith (D:9)
  A vampire (D:10)
  2 wyverns (D:11)
  14 yaks
  An unseen horror simulacrum (D:9)
  2 steam dragons (D:7)
  3 acid dragons
  3 water moccasins
  3 orc warriors
  6 black bears
  6 ice beasts
  3 sky beasts
  2 ogres (D:6)
  2 wolves (D:11)
  4 centaurs
  2 phantoms
  6 kobold brigands
  A gnoll sergeant (D:11)
  2 bullfrogs
  2 necrophages
  4 scorpions
  8 wights
  6 killer bees (D:7)
  2 howler monkeys (D:10)
  4 hounds
  A jelly (D:8)
  A centaur zombie (D:9)
  Crazy Yiuf (D:3)
  2 gnoll boudas (D:4)
  7 orc priests
  Jessica (D:2)
  2 iguanas
  11 orc wizards
  A howler monkey zombie (D:9)
  10 gnolls
  7 adders
  2 shadow imps (D:8)
  2 white imps (D:6)
  4 ufetubi
  4 dart slugs
  35 orcs
  A ball python (D:2)
  3 endoplasms
  4 giant cockroaches
  5 hobgoblins
  4 jackals
  26 kobolds
  2 quokkas (D:2)
  7 bats
  7 frilled lizards
  10 goblins
  2 rats
275 creatures vanquished.

Vanquished Creatures (others)
  A fungus (D:11)
  8 plants
9 creatures vanquished.

Grand Total: 284 creatures vanquished

Notes
Turn   | Place    | Note
-------+----------+-------------------------------------------
     0 | D:1      | Belterius the Minotaur Fighter began the quest for the Orb.
     0 | D:1      | Reached XP level 1. HP: 19/19 MP: 0/0
    72 | D:1      | Reached XP level 2. HP: 23/27 MP: 1/1
   250 | D:1      | Found a faded altar of an unknown god.
   660 | D:1      | Reached skill level 3 in Axes
   839 | D:1      | Reached XP level 3. HP: 32/33 MP: 2/2
  1268 | D:2      | Noticed Sigmund
  1282 | D:2      | Killed Sigmund
  1283 | D:2      | Reached skill level 4 in Axes
  1283 | D:2      | Reached XP level 4. HP: 26/41 MP: 3/3
  1283 | D:2      | Reached XP level 5. HP: 30/47 MP: 4/4
  1411 | D:2      | Found the +4 dagger "Morg" {pain, Will+ Int+5}
  1504 | D:2      | Noticed Jessica
  1508 | D:2      | Killed Jessica
  1509 | D:2      | Reached skill level 5 in Fighting
  1509 | D:2      | Reached skill level 5 in Armour
  1650 | D:2      | Reached skill level 5 in Shields
  1763 | D:2      | Found an ancient bone altar of Kikubaaqudgha.
  2046 | D:2      | Reached XP level 6. HP: 53/56 MP: 5/5
  2607 | D:3      | Found a runed translucent door.
  2608 | D:3      | Noticed Crazy Yiuf
  2748 | D:3      | Found a shimmering altar of Xom.
  2842 | D:3      | Killed Crazy Yiuf
  3096 | D:4      | Reached skill level 5 in Axes
  3099 | D:4      | Found the +2 ratskin cloak {*Rats rPois rN+ Str-1 Int-1
                  | Dex+1}
  3528 | D:4      | Reached XP level 7. HP: 61/61 MP: 6/6
  4195 | D:5      | Entered Level 5 of the Dungeon
  4242 | D:5      | Reached skill level 6 in Axes
  4300 | D:5      | Identified the +10 spear "Wuth" {protect, Fly Will+}
  4434 | D:5      | Found a staircase to the Ecumenical Temple.
  4443 | Temple   | Entered the Ecumenical Temple
  4451 | Temple   | Became a worshipper of Warmaster Okawaru
  4504 | D:5      | Found Ereonat's Antique Weapon Boutique.
  4570 | D:5      | Found a burning altar of Makhleb.
  4570 | D:5      | Found a white marble altar of Elyvilon.
  4591 | D:5      | Found Azxaorebb's General Store.
  4670 | D:5      | Found Ihucop's Armour Shoppe.
  4677 | D:5      | Noticed Prince Ribbit
  4740 | D:5      | Found Qaimyraave's Weapon Shop.
  5046 | D:5      | Killed Prince Ribbit
  5047 | D:5      | Reached skill level 7 in Axes
  5047 | D:5      | Reached XP level 8. HP: 66/71 MP: 7/7
  5101 | D:5      | Found Cashraz's Weapon Shoppe.
  6179 | D:6      | Reached * piety under Okawaru
  6185 | D:6      | Reached skill level 8 in Axes
  6561 | D:6      | Reached skill level 1 in Invocations
  6561 | D:6      | Reached XP level 9. HP: 79/79 MP: 8/8
  6869 | D:7      | Reached ** piety under Okawaru
  6870 | D:7      | Reached skill level 9 in Axes
  7089 | D:7      | Noticed a cyclops
  7101 | D:7      | Killed a cyclops
  7150 | D:7      | Reached skill level 10 in Axes
  7169 | D:7      | Reached *** piety under Okawaru
  7325 | D:7      | Found the +14 obsidian axe {vorpal, Mesm Drain Fly SInv}
  7431 | D:7      | Found Waraepn's Assorted Antiques.
  7432 | D:7      | Found Moll's Armour Shoppe.
  7433 | D:7      | Found Hageos's Armour Boutique.
  7433 | D:7      | Found Kosiblit's Jewellery Shop.
  7436 | D:7      | Found Suolaafa's Distillery.
  7436 | D:7      | Found Zeoqof's Assorted Antiques.
  7440 | D:7      | Bought a +0 cloak of willpower for 126 gold pieces
  7585 | D:7      | Reached XP level 10. HP: 78/90 MP: 11/11
  8252 | D:8      | Reached **** piety under Okawaru
  8320 | D:8      | Reached skill level 11 in Axes
  8421 | D:8      | Noticed Maurice
  8428 | D:8      | Killed Maurice
  8953 | D:9      | You are sucked into a shaft and drop 1 floor!
  8953 | D:10     | Entered Level 10 of the Dungeon
  8999 | D:10     | Reached ***** piety under Okawaru
  9171 | D:10     | Found a portal to a secret trove of treasure.
  9221 | D:10     | Identified the +1 plate armour "Toonom" {Harm Str-5 SInv}
  9263 | D:10     | Noticed a two-headed ogre
  9267 | D:10     | Killed a two-headed ogre
  9268 | D:10     | Reached skill level 12 in Axes
  9268 | D:10     | Reached skill level 5 in Invocations
  9483 | D:10     | Noticed Joseph
  9495 | D:10     | Killed Joseph
  9496 | D:10     | Reached XP level 11. HP: 93/99 MP: 11/13
  9984 | D:7      | Bought a +1 plate armour of fire resistance for 385 gold
                  | pieces
 10149 | D:9      | Received a gift from Okawaru
 10183 | D:9      | Reached skill level 1 in Throwing
 10187 | D:9      | Found a shimmering blue altar of Sif Muna.
 10224 | D:9      | Found an opulent altar of Gozag.
 10518 | D:9      | Reached skill level 10 in Fighting
 10703 | D:11     | Identified the +3 kite shield of the Meadowlark {Int+5
                  | Stlth+} (Okawaru gifted it to you on level 11 of the
                  | Dungeon)
 10703 | D:11     | Received a gift from Okawaru
 10709 | D:11     | Reached skill level 10 in Armour
 10782 | D:11     | Reached skill level 10 in Shields
 10800 | D:11     | Found a staircase to the Lair.
 10806 | D:11     | Reached skill level 13 in Axes
 11039 | D:11     | Identified the +5 ring mail "Lokk" {-Cast rN+ Str+3}
 11041 | D:11     | Identified the +8 short sword "Demonbane" {flame, *Rage rF+
                  | Int+8}
 11043 | D:11     | Noticed Snorg
 11053 | D:11     | Killed Snorg
 11166 | D:11     | Noticed a red ugly thing
 11173 | D:11     | Killed a red ugly thing
 11615 | D:11     | Reached ****** piety under Okawaru
 11874 | D:12     | Received a gift from Okawaru
 11875 | D:12     | Reached XP level 12. HP: 108/108 MP: 14/14
 11970 | D:12     | Annihilated by a titanic slime creature

Illustrated notes

Levels and vault maps discovered:
D:1:      roderic_chinese_lattice_arrival, layout_basic, serial_rivers,
          chequers_serial_rivers_micro_c, chequers_serial_rivers_room_a,
          chequers_serial_rivers_large_b, chequers_serial_rivers_large_a,
          chequers_serial_rivers_micro_b, shapermc_ecumenical_altar_gd,
          minmay_lizard_pond
D:2:      wad_crossroads, layout_basic, basic_altar, uniq_sigmund, uniq_jessica
D:3:      layout_loops_ring, lemuel_coloured_pillars_altar,
          uniq_crazy_yiuf_cottage
D:4:      layout_basic, minmay_distorted
D:5:      layout_gridville, gammafunk_temple_overflow_pools,
          minmay_temple_entry_stoned_glass, serial_shops, kennysheep_mini, shop,
          nicolae_shop_hallway_plus, shop, nicolae_shop_statue_plus,
          uniq_prince_ribbit1
D:6:      layout_basic
D:7:      minmay_clustersquares, layout_basic, nicolae_wooded_promenade,
          minmay_misc_feat_four_crosses
D:8:      black_bear_nest_1, layout_loops_ring, serial_bayou_crossing,
          uniq_maurice
D:9:      layout_gridville, mainiacjoe_overflow_catch_the_wave,
          hangedman_weighted_door, hangedman_abyss_or_decor_stabs
D:10:     layout_roguey, enter_trove_3, uniq_joseph
D:11:     layout_loops_corners, minmay_lair_entry_grove,
          hangedman_decor_growths, uniq_snorg
D:12:     layout_loops_ring, david_orc_4, uniq_frances, uniq_gastronok
Temple:   sentei_temple_godly_chess

Skill      XL: |  1  2  3  4  5  6  7  8  9 10 11 12 |
---------------+-------------------------------------+-----
Armour         | 4 5 6 7 8 9 10 | 10.8
Shields        | 4 5 6 7 8 9 10 | 10.7
Fighting       | 4 5 6 7 8 9 10 | 10.8
Axes           | 3 4 5 7 8 10 12 13 | 13.9
Invocations    | 1 3 5 |  5.0
Throwing       | 3 4 |  4.0

Action                   |  1- 3 |  4- 6 |  7- 9 | 10-12 || total
-------------------------+-------+-------+-------+-------++-------
Melee: War axe           |    59 |    98 |    93 |       ||   250
       Headbutt          |    11 |    11 |    37 |    39 ||    98
       Spear             |       |       |   149 |       ||   149
       Broad axe         |       |       |     9 |   237 ||   246
Invok: Heroism           |       |       |     1 |     3 ||     4
  Use: Potion            |     1 |       |       |       ||     1
       Scroll            |       |       |       |     9 ||     9
Armor: Scale mail        |    45 |    41 |    53 |    10 ||   149
       Plate armour      |       |       |       |    53 ||    53
Dodge: Dodged            |    30 |    75 |   165 |   116 ||   386
Block: Buckler           |    18 |    29 |    50 |    42 ||   139
       Kite shield       |       |       |       |    93 ||    93

Table legend: (Time is in decaauts)
 A = Elapsed time spent in this place.
 B = Non-inter-level travel time spent in this place.
 C = Inter-level travel time spent in this place.
 D = Time resting spent in this place.
 E = Time spent auto-exploring this place.
 F = Levels seen in this place.
 G = Mean time per level.
                   A        B        C        D        E       F      G
               +--------+--------+--------+--------+--------+-----+--------+
         Total |  12069 |  11498 |    571 |   1255 |   8564 |  13 |  928.4 |
       Dungeon |  12052 |  11481 |    571 |   1255 |   8564 |  12 | 1004.3 |
        Temple |     16 |     16 |      0 |      0 |      0 |   1 |   16.0 |
               +--------+--------+--------+--------+--------+-----+--------+

Top non-repeatable levels by time:
     D:5: 1534 daAuts
     D:4: 1508 daAuts
     D:7: 1255 daAuts
     D:1: 1218 daAuts
    D:11: 1128 daAuts
     D:2: 1091 daAuts
    D:10: 963 daAuts
     D:9: 908 daAuts
     D:8: 849 daAuts
     D:3: 755 daAuts
     D:6: 662 daAuts
    D:12: 175 daAuts
  Temple: 16 daAuts
